 Dungeon Sprint DCSS version 0.30-a0-364-gf6b3ef1049 (webtiles) character file.

Game seed: 9333581795342633541

22997 mhtbhm the Bludgeoner (level 12, -6/127 HPs)
             Began as an Armataur Fighter on Nov 15, 2022.
             Was an Initiate of Gozag.
             Killed from afar by Aizul (31 damage)
             ... with a poison arrow
             ... in the Dungeon (Sprint IX: "|||||||||||||||||||||||||||||").
             The game lasted 00:06:44 (3277 turns).

mhtbhm the Bludgeoner (Armataur Fighter)            Turns: 3277, Time: 00:06:45

Health: -6/127     AC: 16    Str: 28    XL:     12   Next: 68%
Magic:  12/12      EV:  8    Int: 11    God:    Gozag
Gold:   6782       SH: 24    Dex: 12    Spells: 11/11 levels left

rFire   . . .      SeeInvis +    a - +2 morningstar (vorpal)
rCold   . . .      Faith    .    c - +1 tower shield
rNeg    . . .      Spirit   .    b - +1 chain mail of the Vaults {Drain Slay+5}
rPois   .          Reflect  +    F - +0 helmet {Int+3}
rElec   .          Harm     .    m - +0 cloak
rCorr   .          Roll     +    (no gloves)
Will    .....      NoTele   +    (no barding)
Stlth   +.........               y - amulet of reflection
HPRegen 0.41/turn                u - ring of see invisible
MPRegen 0.13/turn                n - +3 ring of strength

@: lethally poisoned (-6 -> -29), invisible
A: large, rugged brown scales 3, deformed body, armoured tail, roll, long
tongue, awkward tongue
a: Renounce Religion, Potion Petition, Call Merchant, Bribe Branch


You were in the Dungeon.
You worshipped Gozag.
Gozag was greatly pleased with you.
You visited 1 branch You collected 11677 gold pieces.
You spent 1721 gold pieces at shops.
You paid 3174 gold pieces to Gozag.

Inventory:

Hand Weapons
 a - a +2 vorpal morningstar (weapon)
Missiles
 p - a curare-tipped dart (quivered)
Armour
 b - the +1 chain mail of the Vaults (worn) {Drain Slay+5}
   (You bought it in a shop in the Dungeon)

   Slay:      It affects your accuracy & damage with ranged weapons and melee
   (+5).
   Drain:     It drains your maximum health when unequipped.
 c - a +1 tower shield (worn)
 m - a +0 cloak (worn)
 F - a +0 helmet of intelligence (worn)
Jewellery
 n - a +3 ring of strength (right hand)
 o - a +2 ring of evasion
 u - a ring of see invisible (left hand)
 y - an amulet of reflection (around neck)
 B - a ring of protection from fire
 C - a ring of resist corrosion
 D - a ring of protection from cold
Wands
 l - a wand of quicksilver (1)
Scrolls
 j - a scroll of blinking
 k - 2 scrolls of amnesia
 r - 4 scrolls of enchant armour
 s - 2 scrolls of fog
 t - 2 scrolls of identify
 w - a scroll of immolation
 E - a scroll of fear
Potions
 d - 3 potions of might
 e - 8 potions of curing
 f - 6 potions of heal wounds
 g - 2 potions of haste
 h - 4 potions of magic
 q - a potion of berserk rage
 x - a potion of resistance
 z - a potion of mutation
 A - a potion of cancellation


   Skills:
 + Level 15.0 Fighting
 + Level 18.2 Maces & Flails
 + Level 15.0 Armour
 + Level 7.2 Dodging
 + Level 7.7 Stealth
 + Level 15.5 Shields
 + Level 5.2 Evocations


You had 11 spell levels left.
You didn't know any spells.
Your spell library contained the following spells:

 Spells                   Type           Power      Damage    Failure   Level
 Static Discharge         Conj/Air       0%         2-2/arc   99%         2
 Vhi's Electric Charge    Tloc/Air       0%         N/A       100%        3
 Arcjolt                  Conj/Air       0%         1d10      100%        5
 Lightning Bolt           Conj/Air       0%         1d11      100%        5


Dungeon Overview and Level Annotations

Branches:
Dungeon (1/1)

Altars:
Cheibriados
Dithmenos
Elyvilon
Fedhas
Gozag
Hepliaklqana
Kikubaaqudgha
Makhleb
Nemelex Xobeh
Okawaru
Qazlal
Ru
Sif Muna
Trog
Uskayaw
Vehumet
Wu Jian
Xom
Yredelemnul
Zin
The Shining One
Jiyva
Lugonu

Shops:
D (=[[[*=

Annotations:
D Aizul


Innate Abilities, Weirdness & Mutations

You are completely covered in rugged brown scales. (AC +3, +7% HP)
Armour fits poorly on your strangely shaped body.
You have a long armoured tail.
You roll when moving toward enemies. (Rampage)
Your long tongue fully drains potion bottles. (2x potion effects)
Your tongue gives you trouble enunciating. (1.5x scroll delay)


Message History

Aizul casts a spell at you. The bolt of poison hits you!
You are more poisoned.
You barely miss Aizul.
Aizul is lightly wounded.
You feel very sick. You block Aizul's attack.
Unknown command.
You barely miss Aizul.
Aizul is lightly wounded.
You feel very sick. Aizul barely misses you.
Unknown command.
You closely miss Aizul.
Your tail-slap misses Aizul.
Aizul is lightly wounded.
You feel very sick. Aizul hits you.
* * * LOW HITPOINT WARNING * * *
Unknown command.
You slurp down every last drop of the 7 potions of heal wounds!
You feel much better.
You feel very sick. Aizul hits you.
Aizul yawns, and then pretends she didn't.
Aizul coils herself and waves her upper body at you.
The bolt of poison hits you!!!
You are more poisoned.
* * * LOW HITPOINT WARNING * * *
Blink to where?
Press: ? - help, Dir - move target As you slowly read the scroll of blinking, it crumbles to dust.
* * * LOW HITPOINT WARNING * * *
You feel extremely sick.
You slurp down every last drop of the 9 potions of curing!
You feel better. Aizul casts a spell at you. The poison arrow hits you!!
You are poisoned.
You die...
Your body crumbles into a pile of gold.

▓.▓.▓.▓)▓.▓.▓.▓)▓
▓.▓.▓.▓)▓.▓.▓.▓.▓
▓S▓.▓.▓)▓.▓[▓.▓(▓
▓.▓'▓.▓'▓.▓.▓.▓'▓
▓.▓.▓.▓.▓.▓[▓.▓)▓
▓.▓.▓.▓.▓.▓[▓.▓.▓
▓.▓.▓.▓.▓.▓.▓.▓.▓
▓.▓.▓.▓.▓.▓.▓.▓.▓
▓@▓.▓.▓.▓.▓'▓.▓.▓
▓.▓.▓.▓.▓.▓.▓.▓.▓
▓.▓.▓.▓.▓.▓.▓.▓'▓
▓.▓.▓.▓.▓.▓.▓.▓.▓
▓...▓...▓...▓...▓
▓▓▓▓▓▓▓▓▓▓▓▓▓▓▓▓▓


You could see Aizul.

Vanquished Creatures
  3 ettins (D)
  2 ice dragons (D)
  3 hydras (D)
  A centaur warrior (D)
  Erica (D)
  A tengu warrior (D)
  2 vampire magi (D)
  3 orc knights (D)
  A lindwurm (D)
  An ugly thing (D)
  7 orc sorcerers (D)
  3 cyclopes (D)
  8 elephants (D)
  A guardian serpent (shapeshifter) (D)
  A torpor snail (D)
  2 cane toads (D)
  2 komodo dragons (D)
  A yaktaur (D)
  A troll (D)
  2 polar bears (D)
  A hornet (D)
  A tarantella (shapeshifter) (D)
  2 wyverns (D)
  3 yaks (D)
  A wraith (D)
  Grum (D)
  Eustachio (D)
  2 water moccasins (D)
  An acid dragon (D)
  11 orc warriors (D)
  4 wolves (D)
  A phantom (D)
  A kobold brigand (D)
  5 bullfrogs (D)
  2 orc priests (D)
  8 orc wizards (D)
  An adder (D)
  An ufetubus (D)
  10 orcs (D)
  A ball python (D)
  A giant cockroach (D)
  A bat (D)
  2 frilled lizards (D)
108 creatures vanquished.

Notes
Turn   | Place    | Note
-------+----------+-------------------------------------------
     0 | D        | mhtbhm the Armataur Fighter began the quest for the Orb.
     0 | D        | Reached XP level 1. HP: 19/19 MP: 1/1
    18 | D        | Reached skill level 2 in Maces & Flails
   131 | D        | Noticed a phantom
   131 | D        | Noticed a water moccasin
   134 | D        | Reached XP level 2. HP: 27/27 MP: 2/2
   143 | D        | Killed a phantom
   144 | D        | Reached skill level 3 in Maces & Flails
   144 | D        | Reached skill level 1 in Dodging
   144 | D        | Reached skill level 5 in Shields
   144 | D        | Reached XP level 3. HP: 36/36 MP: 3/3
   144 | D        | Reached XP level 4. HP: 43/43 MP: 4/4
   150 | D        | Killed a water moccasin
   151 | D        | Reached skill level 5 in Fighting
   151 | D        | Reached skill level 5 in Maces & Flails
   151 | D        | Reached XP level 5. HP: 34/53 MP: 5/5
   159 | D        | Found a snail-covered altar of Cheibriados.
   159 | D        | Found a shadowy altar of Dithmenos.
   159 | D        | Found a white marble altar of Elyvilon.
   159 | D        | Found a blossoming altar of Fedhas.
   159 | D        | Found an opulent altar of Gozag.
   160 | D        | Found a hazy altar of Hepliaklqana.
   161 | D        | Found a viscous altar of Jiyva.
   162 | D        | Found an ancient bone altar of Kikubaaqudgha.
   163 | D        | Found a corrupted altar of Lugonu.
   164 | D        | Found a burning altar of Makhleb.
   165 | D        | Found a sparkling altar of Nemelex Xobeh.
   166 | D        | Found an iron altar of Okawaru.
   168 | D        | Became a worshipper of Gozag Ym Sagoz the Greedy
   169 | D        | Found a stormy altar of Qazlal.
   170 | D        | Found a sacrificial altar of Ru.
   171 | D        | Found a shimmering blue altar of Sif Muna.
   172 | D        | Found a bloodstained altar of Trog.
   173 | D        | Found a hide-covered altar of Uskayaw.
   174 | D        | Found a radiant altar of Vehumet.
   175 | D        | Found an ornate altar of the Wu Jian Council.
   176 | D        | Found a shimmering altar of Xom.
   177 | D        | Found a basalt altar of Yredelemnul.
   178 | D        | Found a glowing silver altar of Zin.
   179 | D        | Found a glowing golden altar of the Shining One.
   299 | D        | Noticed a yak
   299 | D        | Noticed a troll
   299 | D        | Noticed a wraith
   299 | D        | Noticed a hornet
   302 | D        | Killed a hornet
   303 | D        | Reached skill level 6 in Maces & Flails
   303 | D        | Reached XP level 6. HP: 60/62 MP: 6/6
   303 | D        | Killed a wraith
   304 | D        | Reached skill level 7 in Maces & Flails
   304 | D        | Reached skill level 1 in Evocations
   304 | D        | Reached XP level 7. HP: 68/70 MP: 7/7
   305 | D        | Killed a yak
   306 | D        | Reached skill level 10 in Armour
   310 | D        | Killed a troll
   311 | D        | Reached skill level 8 in Maces & Flails
   315 | D        | Reached XP level 8. HP: 51/79 MP: 8/8
   395 | D        | Noticed a cyclops
   395 | D        | Noticed a brown ugly thing
   395 | D        | Noticed a guardian serpent
   395 | D        | Noticed a tengu warrior
   397 | D        | a hog changed into a polar bear
   397 | D        | Noticed a polar bear (shapeshifter)
   400 | D        | Killed a cyclops
   400 | D        | a polar bear changed into a tarantella
   400 | D        | Noticed a tarantella (shapeshifter)
   401 | D        | Reached skill level 9 in Maces & Flails
   403 | D        | Killed a brown ugly thing
   404 | D        | Reached skill level 10 in Shields
   404 | D        | Killed a tarantella
   405 | D        | Reached skill level 10 in Maces & Flails
   405 | D        | Reached XP level 9. HP: 76/88 MP: 9/9
   405 | D        | Killed a guardian serpent
   413 | D        | Killed a tengu warrior
   414 | D        | Reached skill level 11 in Maces & Flails
   551 | D        | Noticed a komodo dragon
   551 | D        | Noticed a cane toad
   562 | D        | Killed a komodo dragon
   572 | D        | Reached skill level 10 in Fighting
   696 | D        | Killed a cane toad
   697 | D        | Reached skill level 12 in Maces & Flails
   700 | D        | Reached XP level 10. HP: 75/99 MP: 10/10
   771 | D        | Noticed a lindwurm
   771 | D        | Noticed a cane toad
   774 | D        | Reached skill level 1 in Stealth
   779 | D        | Noticed a torpor snail
   782 | D        | Killed a lindwurm
   783 | D        | Reached skill level 13 in Maces & Flails
   791 | D        | Killed a cane toad
   805 | D        | Killed a torpor snail
   806 | D        | Reached skill level 5 in Dodging
  1022 | D        | Noticed an elephant
  1022 | D        | Noticed an elephant
  1022 | D        | Noticed an elephant
  1022 | D        | Noticed an elephant
  1022 | D        | Noticed an elephant
  1022 | D        | Noticed an elephant
  1028 | D        | Killed an elephant
  1029 | D        | Reached skill level 14 in Maces & Flails
  1034 | D        | Killed an elephant
  1044 | D        | Killed an elephant
  1222 | D        | Killed an elephant
  1231 | D        | Killed an elephant
  1232 | D        | Reached XP level 11. HP: 95/109 MP: 11/11
  1405 | D        | Reached skill level 15 in Maces & Flails
  1499 | D        | Noticed Grum
  1504 | D        | Reached skill level 5 in Stealth
  1510 | D        | Killed Grum
  1541 | D        | Noticed Eustachio
  1547 | D        | Killed Eustachio
  1582 | D        | Noticed an orc knight
  1591 | D        | Killed an orc knight
  1811 | D        | Noticed an orc knight
  1823 | D        | Killed an orc knight
  1836 | D        | Reached skill level 16 in Maces & Flails
  1892 | D        | Found Qygrah's Armour Emporium.
  1892 | D        | Noticed an orc sorcerer
  1892 | D        | Noticed an orc sorcerer
  1893 | D        | Noticed an orc sorcerer
  1894 | D        | Noticed an orc sorcerer
  1897 | D        | Found Cirrateg's General Store.
  1898 | D        | Killed an orc sorcerer
  1906 | D        | Killed an orc sorcerer
  1909 | D        | Killed an orc sorcerer
  1917 | D        | Found Yffequcw's Distillery.
  1920 | D        | Killed an orc sorcerer
  2034 | D        | Found Odaokuad's Jewellery Shoppe.
  2036 | D        | Noticed an orc sorcerer
  2037 | D        | Noticed an orc sorcerer
  2038 | D        | Noticed an orc sorcerer
  2041 | D        | Killed an orc sorcerer
  2045 | D        | Killed an orc sorcerer
  2046 | D        | Killed an orc sorcerer
  2089 | D        | Bought a potion of heal wounds for 60 gold pieces
  2089 | D        | Bought a potion of curing for 36 gold pieces
  2089 | D        | Bought a potion of curing for 36 gold pieces
  2089 | D        | Bought a scroll of immolation for 48 gold pieces
  2091 | D        | Bought a potion of haste for 100 gold pieces
  2091 | D        | Bought a potion of resistance for 100 gold pieces
  2091 | D        | Bought 2 potions of curing for 60 gold pieces
  2091 | D        | Bought a potion of mutation for 80 gold pieces
  2091 | D        | Bought a potion of heal wounds for 50 gold pieces
  2091 | D        | Bought a potion of curing for 30 gold pieces
  2091 | D        | Bought a potion of cancellation for 80 gold pieces
  2093 | D        | Bought an amulet of reflection for 390 gold pieces
  2174 | D        | Noticed Erica
  2180 | D        | Killed Erica
  2181 | D        | Reached skill level 17 in Maces & Flails
  2306 | D        | Bought an ichor-stained trident for 212 gold pieces
  2306 | D        | Identified the +8 trident of Conformity {speed, rPois} (You
                  | bought it in a shop in the Dungeon)
  2316 | D        | Bought a bloodstained chain mail for 199 gold pieces
  2316 | D        | Identified the +1 chain mail of the Vaults {Drain Slay+5}
                  | (You bought it in a shop in the Dungeon)
  2325 | D        | Bought a shiny helmet for 240 gold pieces
  2336 | D        | Noticed a six-headed hydra
  2336 | D        | Noticed an orc knight
  2336 | D        | Noticed a centaur warrior
  2337 | D        | Noticed an eight-headed hydra
  2340 | D        | Reached skill level 5 in Evocations
  2340 | D        | Noticed a four-headed hydra
  2344 | D        | Reached XP level 12. HP: 124/124 MP: 12/12
  2347 | D        | Killed a six-headed hydra
  2348 | D        | Noticed an ettin
  2354 | D        | Noticed an ice dragon
  2358 | D        | Noticed an ettin
  2358 | D        | Killed a centaur warrior
  2364 | D        | Killed an eight-headed hydra
  2364 | D        | Noticed a vampire mage
  2365 | D        | Noticed an ettin
  2558 | D        | Killed a four-headed hydra
  2565 | D        | Killed an ettin
  2571 | D        | Killed an ice dragon
  2572 | D        | Reached skill level 18 in Maces & Flails
  2580 | D        | Noticed an ice dragon
  2872 | D        | Killed a vampire mage
  2906 | D        | Killed an ettin
  2965 | D        | Killed an ettin
  2966 | D        | Reached skill level 15 in Shields
  2988 | D        | Noticed a vampire mage
  2994 | D        | Killed an ice dragon
  2995 | D        | Reached skill level 15 in Fighting
  2999 | D        | Killed a vampire mage
  3000 | D        | Reached skill level 15 in Armour
  3265 | D        | Noticed Aizul
  3277 | D        | Killed from afar by Aizul

Illustrated notes

Levels and vault maps discovered:
D:        linesprint [early_d, line_temple, items_1, d_10, items_2, lair_1,
          lair_end, items_3, orc_1, orc_end, items_4, d_15, swamp_1, shoals_1,
          snake_1, spider_1, d_20, vaults_1, items_5, swamp_end, shoals_end,
          snake_end, spider_end, vaults_end, d_27, items_6, zot_1, zot_end,
          crypt_end, forest_end, elf_end, slime_end, tomb_end, abyss_end,
          pan_hell_end]

Skill      XL: |  1  2  3  4  5  6  7  8  9 10 11 12 |
---------------+-------------------------------------+-----
Maces & Flails | 2 3 5 6 7 8 10 12 14 17 18 | 18.2
Armour         | 4 6 7 9 10 12 13 14 15 | 15.0
Shields        | 4 5 6 8 9 10 11 12 13 15 | 15.5
Fighting       | 3 4 5 6 7 8 9 10 11 13 15 | 15.0
Dodging        | 1 2 3 4 5 6 7 |  7.2
Evocations     | 1 3 4 5 |  5.2
Stealth        | 4 6 7 |  7.7

Action                   |  1- 3 |  4- 6 |  7- 9 | 10-12 || total
-------------------------+-------+-------+-------+-------++-------
Melee: Flail             |    32 |    10 |       |       ||    42
       Tailslap          |     1 |       |     5 |    60 ||    66
       Morningstar       |       |       |    50 |   335 ||   385
Invok: Call Merchant     |       |       |       |     4 ||     4
Evoke: Wand              |       |     4 |     3 |     2 ||     9
  Use: Potion            |     1 |       |     2 |     9 ||    12
       Scroll            |       |       |       |     3 ||     3
 Stab: Distracted        |       |       |       |     7 ||     7
       Sleeping          |       |       |       |     1 ||     1
Armor: Scale mail        |    18 |     3 |     6 |       ||    27
       Leather armour    |       |       |     7 |    39 ||    46
       Chain mail        |       |       |       |    19 ||    19
Dodge: Dodged            |    10 |     2 |    18 |    96 ||   126
Block: Buckler           |     8 |     5 |    12 |    48 ||    73
       Tower shield      |       |       |       |    92 ||    92
       Reflection        |       |       |       |     2 ||     2

Table legend: (Time is in decaauts)
 A = Elapsed time spent in this place.
 B = Non-inter-level travel time spent in this place.
 C = Inter-level travel time spent in this place.
 D = Time resting spent in this place.
 E = Time spent auto-exploring this place.
 F = Levels seen in this place.
 G = Mean time per level.
                   A        B        C        D        E       F      G
               +--------+--------+--------+--------+--------+-----+--------+
         Total |   3233 |   3233 |      0 |   1623 |    425 |   1 | 3233.0 |
       Dungeon |   3233 |   3233 |      0 |   1623 |    425 |   1 | 3233.0 |
               +--------+--------+--------+--------+--------+-----+--------+

Top non-repeatable levels by time:
       D: 3233 daAuts
